 Dungeon Crawl Stone Soup version 0.21.1-1-g345015f (webtiles) character file.

96 Fang the Skirmisher (level 4, -1/29 HPs)
             Began as a Gargoyle Berserker on June 10, 2018.
             Was a Believer of Trog.
             Slain by a phantom (5 damage)
             ... on level 3 of the Dungeon on June 11, 2018.
             The game lasted 00:04:31 (2762 turns).

Fang the Skirmisher (Gargoyle Berserker)            Turns: 2762, Time: 00:04:31

Health: -1/29      AC:  5    Str: 21    XL:     4   Next: 67%
Magic:  4/4        EV: 12    Int:  8    God:    Trog [**....]
Gold:   164        SH:  0    Dex:  9    Spells: 3/3 levels left

rFire    . . .     SeeInvis .   a - +0 hand axe
rCold    . . .     Gourm    .   (no shield)
rNeg     + . .     Faith    .   b - +0 animal skin
rPois    ∞         Spirit   .   (no helmet)
rElec    +         Reflect  .   (no cloak)
rCorr    .         Harm     .   (no gloves)
MR       .....                  (no boots)
Stlth    +.........             (no amulet)
HPRegen  0.09/turn              (no ring)
MPRegen  0.09/turn              (no ring)

@: berserk cooldown
A: negative energy resistance 1, electricity resistance, unbreathing,
petrification resistance, rot immunity, AC +3
a: Berserk, Trog's Hand, Burn Spellbooks, Renounce Religion


You were on level 3 of the Dungeon.
You worshipped Trog.
Trog was pleased with you.
You were near starving.

You visited 1 branch of the dungeon, and saw 4 of its levels.

You collected 164 gold pieces.

Inventory:

Hand Weapons
 a - a +0 hand axe (weapon)
Missiles
 l - 7 javelins (quivered)
Armour
 b - a +0 animal skin (worn)
Jewellery
 k - an uncursed ring of resist corrosion {unknown}
Wands
 n - a wand of digging (14)
Scrolls
 f - a scroll of remove curse {unknown}
 h - 2 scrolls of identify {unknown}
 j - 2 scrolls of enchant weapon {unknown}
 p - 2 scrolls of teleportation {unknown}
 q - a scroll of enchant armour {unknown}
 r - a scroll of magic mapping {unknown}
 u - a scroll of fog {unknown}
Potions
 d - 2 potions of magic {unknown}
 e - a potion of cancellation {unknown}
 g - a potion of haste {unknown}
 i - 4 potions of agility {unknown}
 m - 2 potions of heal wounds {unknown}
 o - a potion of curing {unknown}
 s - a potion of degeneration {unknown}
Comestibles
 c - 5 rations


   Skills:
 + Level 4.1 Fighting
 + Level 3.7 Axes
 + Level 2.4 Armour
 + Level 2.1 Dodging
 + Level 1.0 Stealth


You had 3 spell levels left.
You didn't know any spells.

Dungeon Overview and Level Annotations

Branches:
Dungeon (4/15)
 Temple: D:4-7

Altars:


Innate Abilities, Weirdness & Mutations

You are resistant to torment.
Your stone body is resilient. (AC +3)
You are immune to poison.
You resist negative energy. (rN+)
You are resistant to electric shocks. (rElec)
You can survive without breathing.
You are immune to petrification.
You are immune to rotting.


Message History

The phantom hits you.
* * * LOW HITPOINT WARNING * * *
The phantom blinks!
There is a stone staircase leading up here.
The phantom misses you.
The phantom blinks!
You climb upwards.
There is a stone staircase leading down here.
The phantom hits you but does no damage.
You barely miss the phantom.
The phantom is almost destroyed.
The phantom blinks! x2
You feel yourself speed up.
There is a stone staircase leading down here.
You closely miss the phantom.
The phantom is almost destroyed.
The phantom misses you.
You barely miss the phantom.
The phantom is almost destroyed.
The phantom hits you.
You die...

#.##.# #....# #......
#.##.###....## #......
#.#...##.....#############
#.#...++.....'.#....#
#.#...##.....#.#....#
#.'...###+####.#...(######
###...###+####...........#
###.......#...#########.#
#......W@.'...'..........
#..[......#...###.###.#(.
#.........#...###.#...#..
#.).......#...........#..
###.......#....(.........
#.......#...........#..
#########.....#####.#.#
###.......#.#.#
#....(..#.#..


You could see a phantom.

Vanquished Creatures
  Jessica (D:2)
  A hound skeleton (D:4)
  An adder (D:3)
  A worm (D:2)
  2 dart slugs
  2 leopard geckos (D:1)
  4 giant cockroaches
  3 goblins
  5 hobgoblins
  2 jackals (D:1)
  6 kobolds
  4 bats (D:2)
  3 frilled lizards
  6 rats
41 creatures vanquished.

Notes
Turn   | Place    | Note
-------+----------+-------------------------------------------
     0 | D:1      | Fang the Gargoyle Berserker began the quest for the Orb.
     0 | D:1      | Reached XP level 1. HP: 14/14 MP: 1/1
   321 | D:1      | Reached XP level 2. HP: 18/19 MP: 2/2
   795 | D:2      | Reached XP level 3. HP: 24/24 MP: 3/3
   941 | D:2      | Noticed Jessica
   951 | D:2      | Killed Jessica
   951 | D:2      | Reached skill level 4 in Fighting
   977 | D:2      | Reached XP level 4. HP: 19/29 MP: 4/4
  2017 | D:3      | Reached ** piety under Trog
  2242 | D:4      | Noticed a phantom
  2728 | D:4      | Reached skill level 1 in Stealth
  2762 | D:3      | Slain by a phantom

Skill      XL: |  1  2  3  4 |
---------------+-------------+-----
Axes           | 3 |  3.7
Fighting       | 4 |  4.1
Dodging        | 2 |  2.1
Stealth        | 1 |  1.0
Armour         | |  2.4

Action                   |  1- 3 |  4- 6 || total
-------------------------+-------+-------++-------
Melee: Hand axe          |    93 |    83 ||   176
Invok: Berserk           |       |     3 ||     3
 Stab: Sleeping          |       |     1 ||     1
  Eat: Chunk             |       |     4 ||     4
       Ration            |       |     1 ||     1
Armor: Animal skin       |    28 |    33 ||    61
Dodge: Dodged            |    60 |    71 ||   131
